cohdb
Replays
Latest Replays
All Replays
Popular Replays
Top Player Replays
Match Explorer
How It Works
Community
CoH3 Stats
Reddit
Sign in to upload your games and track your stats! →
Sign in with Steam
do all US players use this build now?
Match 28533498
Overview
Messages
Build Orders
End
Kradschützen Motorcycle Team
Panzergrenadier Squad
Panzerpioneer Squad
Construct Light Support Kompanie
Assault Grenadier Squad
Assault Grenadier Squad
Construct Mechanized Kompanie
Selects Battlefield Espionage Battlegroup
Selects Intel Disruption Beacon
Panzerjäger Mechanized Group
8 Rad Armored Car
Marder III Tank Destroyer
254 Reconnaissance Tractor
2.5-tonne Medical Truck
Selects 250/3 Funkpanzerwagen
Vehicle Survival Package
Selects Advanced Ambush Training
Fire Support Elements
le.IG 18 Mechanized Group
Support Armor Elements
Selects Plunder
StuG III D Assault Gun
Emergency Repair Kits
Selects Disruption Operation
Rapid Advance
Construct Panzerarmee Kommand
Selects Operation Skorpion
Armored Reserves
Tiger Heavy Tank
Operation Skorpion
Disruption Operation
Elite_1650
Manitou
0
0
Comments
sign in to comment!
No comments posted yet!